 Dungeon Crawl Stone Soup version 0.30-a0-782-ge64f9170bb (webtiles) character file.

Game seed: 7661327909402109276

51 Flugkiller the Shooter (level 3, 0/21 HPs)
             Began as a Deep Elf Hexslinger on Feb 19, 2023.
             Was a Follower of Sif Muna.
             Succumbed to an adder's poison
             ... on level 2 of the Dungeon.
             The game lasted 00:02:43 (1093 turns).

Flugkiller the Shooter (Deep Elf Hexslinger)        Turns: 1093, Time: 00:02:45

Health: 0/21       AC:  2    Str:  7    XL:     3   Next: 57%
Magic:  5/7        EV: 12    Int: 19    God:    Sif Muna [*.....]
Gold:   43         SH:  0    Dex: 15    Spells: 4/5 levels left

rFire   . . .      SeeInvis .    a - +1 sling
rCold   . . .      Faith    .    (no shield)
rNeg    . . .      Spirit   .    c - +0 robe
rPois   .          Reflect  .    (no helmet)
rElec   .          Harm     .    (no cloak)
rCorr   .          Rampage  .    (no gloves)
Will    .....                    (no boots)
Stlth   +                        (no amulet)
HPRegen 0.23/turn                (no ring)
MPRegen 0.10/turn                (no ring)

@: mighty, lethally poisoned (0 -> -1), on berserk cooldown, attractive, slowed,
very slow
A: no striking features
a: Renounce Religion, Channel Magic


You were on level 2 of the Dungeon.
You worshipped Sif Muna.
Sif Muna was aware of your devotion.
You visited 1 branch of the dungeon, and saw 2 of its levels.

You collected 43 gold pieces.

Inventory:

Hand Weapons
 a - a +1 sling (weapon)
Armour
 c - a +0 robe (worn)
Scrolls
 b - a scroll of poison
 d - 2 scrolls of teleportation {unknown}
Potions
 f - a potion of berserk rage


   Skills:
 + Level 2.0 Fighting
 + Level 4.1 Ranged Weapons
 + Level 2.5 Dodging
 + Level 1.7 Spellcasting
 - Level 4.0 Hexes


You had 4 spell levels left.
You knew the following spells:

 Your Spells              Type           Power      Damage    Failure   Level
a - Slow                  Hex            64%        N/A       3%          1

Your spell library contained the following spells:

 Spells                   Type           Power      Damage    Failure   Level
 Inner Flame              Hex/Fire       9%         N/A       22%         3
 Portal Projectile        Hex/Tloc       18%        N/A       22%         3
 Cause Fear               Hex            8%         N/A       32%         4


Dungeon Overview and Level Annotations

Branches:
Dungeon (2/15) Zot: 10887

Altars:
Sif Muna


Message History

You shoot a sling bullet. The sling bullet hits the worm.
You kill the worm!
Sif Muna accepts your kill.
Training target 2.0 for Fighting reached!
Your Fighting skill increases to level 2!
You need to enable at least one skill for training.
You start resting.
Magic restored.
You see here a frilled lizard corpse.
There is a stone staircase leading up here.
Casting: Slow (safe; 3% risk of failure)
Confirm with . or Enter, or press ? or * to list all spells.
Aiming: Slow (safe; 3% risk of failure)
Press: ? - help, Shift-Dir - straight line, f - adder
Aim: an adder (chance to affect: 58%)
The adder resists with significant effort.
The adder barely misses you. The adder attacks as you move away!
The adder misses you.
There is a stone staircase leading up here.
Casting: Slow (safe; 3% risk of failure)
Confirm with . or Enter, or press ? or * to list all spells.
Aiming: Slow (safe; 3% risk of failure)
Press: ? - help, Shift-Dir - straight line, f/p - adder
Aim: an adder (chance to affect: 58%)
The adder resists with significant effort.
The adder closely misses you. The adder misses you.
Casting: Slow (safe; 3% risk of failure)
Confirm with . or Enter, or press ? or * to list all spells.
Aiming: Slow (safe; 3% risk of failure)
Press: ? - help, Shift-Dir - straight line, f/p - adder
Aim: an adder (chance to affect: 58%)
The adder resists with significant effort.
The adder closely misses you.
Casting: Slow (safe; 3% risk of failure)
Confirm with . or Enter, or press ? or * to list all spells.
Aiming: Slow (safe; 3% risk of failure)
Press: ? - help, Shift-Dir - straight line, f/p - adder
Aim: an adder (chance to affect: 58%)
The adder seems to slow down.
The adder bites you but does no damage.
You shoot a sling bullet.
The sling bullet closely misses the adder.
The adder bites you but does no damage.
You shoot a sling bullet. The sling bullet misses the adder.
The adder barely misses you.
You shoot a sling bullet.
The sling bullet barely misses the adder.
The adder bites you.
You are poisoned.
The adder poisons you!
You shoot a sling bullet.
The sling bullet barely misses the adder.
You feel sick. The adder bites you.
You are more poisoned.
The adder poisons you!
You shoot a sling bullet. The sling bullet hits the adder.
The adder is heavily wounded.
You feel very sick. The adder barely misses you.
You shoot a sling bullet.
The sling bullet closely misses the adder.
You feel sick. The adder bites you.
You are lethally poisoned!
The adder poisons you!
You are too injured to fight recklessly!
It was a potion of berserk rage.
A red film seems to cover your vision as you go berserk!
You feel yourself moving faster!
You feel mighty!
You feel sick. The adder barely misses you.
Really attack while wielding your +1 sling? [Y]es or [N]o only, please.
Really attack while wielding your +1 sling?
Okay, then.
Really attack while wielding your +1 sling?
You miss the adder.
The adder is heavily wounded.
You feel sick. The adder bites you.
* * * LOW HITPOINT WARNING * * *
You hit the adder!
You kill the adder!
Sif Muna accepts your kill.
* * * LOW HITPOINT WARNING * * *
You feel sick.
Unknown command.
You feel sick.
You feel a strong urge to attack something.
You feel sick.
You are no longer berserk.
You are exhausted.
You feel yourself slow down.
Unknown command.
It was a potion of might.
You feel very mighty all of a sudden.
* * * LOW HITPOINT WARNING * * *
You feel sick.
It was a potion of attraction.
You feel attractive to monsters.
* * * LOW HITPOINT WARNING * * *
You feel sick.
Unknown command.
You die...

# #..# .# #.#..# .## #.#..#
.? ....# .S #..## w# #...#
.# ####### #...##.#####.
.......########.#..........
#####.<...†....@†##.####..
.........<†.......# .#
###############.#.# .#
#.#.# .# #.#.# .. #.#.. ..
#.### ## >.# ##


There were no monsters in sight!

Vanquished Creatures
  2 adders (D:2)
  A worm (D:2)
  2 endoplasms (D:1)
  3 giant cockroaches (D:1)
  3 goblins (D:1)
  A quokka (D:1)
  5 ball pythons (D:1)
  2 bats
  3 frilled lizards
  6 kobolds (D:1)
  4 rats (D:1)
32 creatures vanquished.

Vanquished Creatures (others)
  5 plants (D:1)
5 creatures vanquished.

Grand Total: 37 creatures vanquished

Notes
Turn   | Place    | Note
-------+----------+-------------------------------------------
     0 | D:1      | Flugkiller the Deep Elf Hexslinger began the quest for the
                  | Orb.
     0 | D:1      | Reached XP level 1. HP: 11/11 MP: 5/5
     2 | D:1      | Noticed a ghoul
     2 | D:1      | Noticed a draconian
     4 | D:1      | Noticed an elf
     4 | D:1      | Noticed a naga
     6 | D:1      | Noticed a spriggan
     6 | D:1      | Noticed a human
     8 | D:1      | Noticed a troll
     8 | D:1      | Noticed a demonspawn
    10 | D:1      | Noticed a formicid
    10 | D:1      | Noticed an octopode
    12 | D:1      | Noticed a demigod
    14 | D:1      | Noticed a gargoyle
    16 | D:1      | Noticed a felid
    16 | D:1      | Noticed a meteoran
    18 | D:1      | Noticed a vine stalker
    18 | D:1      | Noticed a vampire
    20 | D:1      | Noticed an ogre
    22 | D:1      | Noticed a merfolk
    22 | D:1      | Noticed a minotaur
    24 | D:1      | Noticed an armataur
    26 | D:1      | Noticed a naga
    26 | D:1      | Noticed a naga
    76 | D:1      | Noticed a great orb of eyes
    79 | D:1      | Noticed a shining eye
    81 | D:1      | Found a faded altar of an unknown god.
    82 | D:1      | Noticed a great orb of eyes
    82 | D:1      | Noticed a golden eye
   244 | D:1      | Reached XP level 2. HP: 16/16 MP: 6/6
   519 | D:1      | Reached skill level 1 in Fighting
   619 | D:1      | Prayed at the altar of an unknown god.
   619 | D:1      | Became a worshipper of Sif Muna the Loreminder
   619 | D:1      | Reached * piety under Sif Muna
  1000 | D:2      | Reached XP level 3. HP: 18/20 MP: 5/7
  1092 | D:2      | HP: 1/21 [poisoned by an adder]
  1093 | D:2      | Succumbed to an adder's poison

Illustrated notes

Levels and vault maps discovered:
D:1:      kb_arrival_jail, layout_loops_ring,
          hellmonk_ecumenical_altar_watching_god, lexackson_kobold_supper
D:2:      layout_loops_ring, basic_altar

Skill      XL: |  1  2  3 |
---------------+----------+-----
Ranged Weapons | 3 4 |  4.1
Fighting       | 1 2 |  2.0
Dodging        | |  2.5
Spellcasting   | |  1.7
Hexes          | |  4.0

Action                     || total
---------------------------++-------
  Melee: Sling             ||     2
   Fire: Sling             ||    94
   Cast: Slow              ||    13
    Use: Potion            ||     3
 Armour: Robe              ||     9
  Dodge: Dodged            ||    23

Table legend: (Time is in decaauts)
 A = Elapsed time spent in this place.
 B = Non-inter-level travel time spent in this place.
 C = Inter-level travel time spent in this place.
 D = Time resting spent in this place.
 E = Time spent auto-exploring this place.
 F = Levels seen in this place.
 G = Mean time per level.
                   A        B        C        D        E       F      G
               +--------+--------+--------+--------+--------+-----+--------+
         Total |   1112 |    963 |    149 |    113 |    487 |   2 |  556.0 |
       Dungeon |   1112 |    963 |    149 |    113 |    487 |   2 |  556.0 |
               +--------+--------+--------+--------+--------+-----+--------+

Top non-repeatable levels by time:
     D:1: 999 daAuts
     D:2: 112 daAuts
